 Dungeon Crawl Stone Soup version 0.22-a0-406-g9ff8d77 (webtiles) character file.

13827 dstrtnsr the Severer (level 11, 0/104 HPs)
             Began as a Minotaur Berserker on May 9, 2018.
             Was a High Priest of Trog.
             Slain by a blink frog (10 damage)
             ... on level 1 of the Lair of Beasts.
             The game lasted 00:07:06 (8578 turns).

dstrtnsr the Severer (Minotaur Berserker)           Turns: 8578, Time: 00:07:07

Health: 0/104      AC: 25    Str: 25    XL:     11   Next: 80%
Magic:  10/10      EV: 10    Int:  6    God:    Trog [*****.]
Gold:   481        SH:  0    Dex: 10    Spells: 10/10 levels left

rFire    . . .     SeeInvis .   a - +0 battleaxe
rCold    . . .     Gourm    .   (shield currently unavailable)
rNeg     . . .     Faith    .   z - +0 plate armour
rPois    .         Spirit   .   D - +2 hat
rElec    .         Reflect  .   m - +0 cloak
rCorr    .         Harm     .   A - +2 pair of gloves
MR       ++...                  b - +2 pair of boots
Stlth    ..........             (no amulet)
HPRegen  1.27/turn              i - +1 ring of protection
MPRegen  0.12/turn              v - +2 ring of intelligence

@: lethally poisoned (0 -> 0), berserk cooldown, regenerating, slowed, very slow
A: retaliatory headbutt, horns 2
a: Berserk, Trog's Hand, Brothers in Arms, Renounce Religion


You were on level 1 of the Lair of Beasts.
You worshipped Trog.
Trog was extremely pleased with you.
You were not hungry.

You visited 2 branches of the dungeon, and saw 12 of its levels.

You collected 481 gold pieces.

Inventory:

Hand Weapons
 a - a +0 battleaxe (weapon)
 w - a +1 hand axe of flaming
 B - a +0 war axe
Missiles
 y - 3 throwing nets (quivered)
Armour
 b - a +2 pair of boots (worn)
 m - a +0 cloak (worn)
 z - a +0 plate armour (worn)
 A - a +2 pair of gloves (worn)
 D - a +2 hat (worn)
Jewellery
 i - a +1 ring of protection (left hand)
 v - a +2 ring of intelligence (right hand)
Wands
 C - a wand of acid (6)
 I - a wand of iceblast (20)
 V - a wand of digging (3)
Scrolls
 c - a scroll of enchant armour {unknown}
 d - 8 scrolls of remove curse {@r2}
 f - a scroll of magic mapping
 g - a scroll of random uselessness {unknown}
 j - a scroll of fear
 p - a scroll of teleportation {!d}
Potions
 h - 4 potions of mutation
 k - a potion of invisibility
 l - a potion of agility {unknown}
 n - 2 potions of curing {@q1}
 r - 2 potions of resistance
 s - 2 potions of flight
 t - a potion of magic {unknown}
 u - 2 potions of heal wounds {unknown}
 x - 3 potions of brilliance
Comestibles
 e - 14 rations {!d}


   Skills:
 + Level 11.7 Fighting
 * Level 15.4 Axes
 + Level 9.0 Armour
 + Level 8.1 Dodging


You had 10 spell levels left.
You didn't know any spells.

Dungeon Overview and Level Annotations

Branches:
Dungeon (11/15)            Temple (0/1) D:4            Lair (1/6) D:11
    Orc (0/2) D:11

Altars:
Hepliaklqana
Qazlal
Trog
Yredelemnul
The Shining One
Beogh

Portals:
Ossuary: D:6


Innate Abilities, Weirdness & Mutations

You reflexively headbutt those who attack you in melee.
You have a pair of horns on your head.


Message History

You hack one of the seven-headed hydra's heads off!
The six-headed hydra grows two more!
You slash the eight-headed hydra!
Your plate armour prevents you from hitting the black mamba.
You feel sick. The wyvern completely misses you. The black mamba bites you.
The eight-headed hydra closely misses you.
The eight-headed hydra bites you but does no damage.
The eight-headed hydra bites you!
The eight-headed hydra bites you but does no damage.
The eight-headed hydra misses you. The eight-headed hydra bites you.
The eight-headed hydra bites you but does no damage.
The eight-headed hydra closely misses you.
A spiny frog comes into view.
You slice one of the eight-headed hydra's heads off!
The seven-headed hydra grows two more!
You slice the nine-headed hydra!! You headbutt the nine-headed hydra!
The nine-headed hydra is heavily wounded.
You slice the black mamba!!
You kill the black mamba!
Trog accepts your kill.
Your plate armour prevents you from hitting the wyvern.
You feel sick. The wyvern misses you. You furiously retaliate!
You headbutt the wyvern!
You lop one of the nine-headed hydra's heads off!
The eight-headed hydra grows two more!
You hit the ten-headed hydra.
Your headbutt misses the ten-headed hydra.
The ten-headed hydra is heavily wounded.
You hit the wyvern. You miss the blink frog.
You feel sick.
The blink frog blinks!
The wyvern barely misses you. The ten-headed hydra bites you!
The ten-headed hydra bites you but does no damage. x2
The ten-headed hydra completely misses you.
The ten-headed hydra bites you but does no damage.
The ten-headed hydra bites you.
The ten-headed hydra bites you but does no damage. x3
The ten-headed hydra barely misses you.
You slice one of the ten-headed hydra's heads off!
The nine-headed hydra grows two more!
You slice the 11-headed hydra!!
The 11-headed hydra is severely wounded.
You slash the wyvern!
You feel sick.
The wyvern bites you but does no damage.
The 11-headed hydra bites you but does no damage.
The 11-headed hydra bites you.
* * * LOW HITPOINT WARNING * * *
The 11-headed hydra bites you.
* * * LOW HITPOINT WARNING * * *
The 11-headed hydra closely misses you.
The 11-headed hydra bites you but does no damage. x4
The 11-headed hydra completely misses you. x2
The 11-headed hydra bites you but does no damage.
You lop one of the 11-headed hydra's heads off!
The ten-headed hydra grows two more!
You open the 12-headed hydra like a pillowcase!!!
You kill the 12-headed hydra!
Trog accepts your kill.
Your Dodging skill increases to level 8!
You slice the wyvern!!
You kill the wyvern!
Trog accepts your kill.
You feel sick.
The blink frog blinks!
The blink frog barely misses you. You furiously retaliate!
You headbutt the blink frog!
You kill the blink frog!
Trog accepts your kill.
Your Armour skill increases to level 9!
Things that are here:
a hydra corpse; a porcupine corpse You feel a strong urge to attack something.
A spiny frog comes into view.
You feel sick.
The spiny frog gives a loud, deep croak!
The blink frog blinks!
Things that are here:
a blink frog corpse; a black mamba corpse; a blink frog corpse You feel sick.
The blink frog hits you but does no damage.
You barely miss the blink frog. Your headbutt misses the blink frog.
You slice the blink frog!!
The blink frog is heavily wounded.
You feel sick.
The blink frog blinks!
You are no longer berserk.
You are exhausted.
You feel yourself slow down.
You feel sick.
The blink frog hits you but does no damage.
Unknown command.
Your ogre goes berserk!
You feel somewhat more hungry.
You feel sick.
The blink frog hits you but does no damage. x2
Unknown command.
Your skin crawls.
You feel resistant to hostile enchantments.
You feel somewhat more hungry.
You feel sick. The spiny frog stings you!
* * * LOW HITPOINT WARNING * * *
The blink frog barely misses you. The blink frog closely misses you.
You furiously retaliate!
You headbutt the blink frog! The spiny frog stings you.
* * * LOW HITPOINT WARNING * * *
The spiny frog stings you.
* * * LOW HITPOINT WARNING * * *
The blink frog hits you!
You die...

#.## ###
#..##..### #
#......... ..
#......... #.. #
#..#.P.### ....#.
##.†.......
.....##†††.......
#.#.#.O....#......
#.....F@F..#......
PP.#..FF...#.F....
...........# .....
............P..###
#.##............ .
............
...##........ ....
###...#.#


You could see 2 spiny frogs, 2 blink frogs and a friendly ogre (berserk).

Vanquished Creatures
  A hydra (Lair:1)
  2 two-headed ogres
  An ugly thing (D:11)
  Maurice (D:8)
  Psyche (D:8)
  A black mamba (Lair:1)
  A kobold demonologist (D:11)
  3 hornets
  3 blink frogs (Lair:1)
  2 hippogriffs
  A wyvern (Lair:1)
  Grum (D:8)
  12 yaks (D:10)
  A hungry ghost (D:11)
  Edmund (D:6)
  2 water moccasins (D:8)
  2 soldier ants (D:8)
  A porcupine (Lair:1)
  9 orc warriors
  4 phantoms
  2 sky beasts
  3 ice beasts
  2 necrophages (D:10)
  2 black bears
  7 ogres
  7 wolves
  A crocodile (Lair:1)
  9 centaurs
  7 bullfrogs
  2 scorpions
  9 wights
  5 crimson imps
  4 hounds
  5 jellies
  A quasit (D:10)
  5 orc priests
  4 orc wizards
  4 centaur skeletons
  5 iguanas
  4 worker ants
  A worker ant zombie (D:7)
  7 gnolls
  6 adders
  2 shadow imps
  An adder skeleton (D:4)
  2 worms (D:2)
  3 leopard geckos
  28 orcs
  4 jackals (D:7)
  4 quokkas
  6 bats
  2 frilled lizards
  3 goblins
  A jackal skeleton (D:4)
  A kobold (D:2)
  A leopard gecko zombie (D:8)
  2 rats
212 creatures vanquished.

Vanquished Creatures (others)
  A fungus (Lair:1)
1 creature vanquished.

Grand Total: 213 creatures vanquished

Notes
Turn   | Place    | Note
-------+----------+-------------------------------------------
     0 | D:1      | dstrtnsr the Minotaur Berserker began the quest for the Orb.
     0 | D:1      | Reached XP level 1. HP: 19/19 MP: 0/0
   125 | D:2      | Reached skill level 4 in Axes
   125 | D:2      | Reached XP level 2. HP: 16/27 MP: 1/1
   135 | D:2      | HP: 10/27 [poisoned by an adder]
   141 | D:2      | HP: 9/27 [poisoned by an adder]
   149 | D:2      | HP: 8/27 [poisoned by an adder]
   973 | D:3      | Reached XP level 3. HP: 31/33 MP: 2/2
  1342 | D:4      | Reached skill level 5 in Axes
  1354 | D:4      | Reached XP level 4. HP: 31/41 MP: 3/3
  1461 | D:4      | HP: 9/41 [orc priest/divine providence (15)]
  1463 | D:4      | HP: 3/61 [orc priest/divine providence (10)]
  1463 | D:4      | HP: 1/61 [orc priest/dagger (2)]
  1464 | D:4      | Reached skill level 5 in Fighting
  1464 | D:4      | Reached skill level 6 in Axes
  1464 | D:4      | Reached XP level 5. HP: 2/48 MP: 4/4
  1808 | D:4      | Reached ** piety under Trog
  1935 | D:4      | Reached skill level 7 in Axes
  1935 | D:4      | Reached XP level 6. HP: 56/56 MP: 5/5
  2008 | D:4      | Found a staircase to the Ecumenical Temple.
  2166 | D:4      | Reached skill level 8 in Axes
  2166 | D:4      | Reached XP level 7. HP: 45/64 MP: 6/6
  2289 | D:5      | Entered Level 5 of the Dungeon
  2563 | D:5      | Reached skill level 9 in Axes
  2923 | D:6      | Found a sand-covered staircase.
  3165 | D:6      | Reached XP level 8. HP: 73/73 MP: 7/7
  3213 | D:6      | Noticed Edmund
  3219 | D:6      | Killed Edmund
  3219 | D:6      | Reached skill level 10 in Axes
  3413 | D:7      | Reached skill level 11 in Axes
  3488 | D:7      | HP: 38/112 [orc warrior/glaive (18)]
  4024 | D:7      | Found a stormy altar of Qazlal.
  4033 | D:7      | Found a bloodstained altar of Trog.
  4036 | D:7      | Found a hazy altar of Hepliaklqana.
  4045 | D:7      | Found a glowing golden altar of the Shining One.
  4077 | D:8      | Reached XP level 9. HP: 71/82 MP: 8/8
  4135 | D:8      | Reached *** piety under Trog
  4326 | D:8      | HP: 30/82 [ogre/giant club (17)]
  4567 | D:8      | Noticed Psyche
  4567 | D:8      | Noticed a two-headed ogre
  4576 | D:8      | Killed Psyche
  4576 | D:8      | Reached skill level 12 in Axes
  4577 | D:8      | Killed a two-headed ogre
  4577 | D:8      | Reached skill level 5 in Armour
  4681 | D:8      | Noticed Grum
  4703 | D:8      | Killed Grum
  4755 | D:8      | Reached skill level 5 in Dodging
  4976 | D:8      | Reached XP level 10. HP: 86/93 MP: 9/9
  5146 | D:8      | Paralysed by a hornet for 1 turns
  5151 | D:8      | Reached skill level 13 in Axes
  5158 | D:8      | HP: 52/139 [soldier ant (4)]
  5159 | D:8      | Reached skill level 10 in Fighting
  5163 | D:8      | HP: 41/139 [poisoned by a soldier ant]
  5166 | D:8      | HP: 19/93 [poisoned by a soldier ant]
  5171 | D:8      | HP: 10/93 [poisoned by a soldier ant]
  5176 | D:8      | HP: 5/93 [poisoned by a soldier ant]
  5181 | D:8      | HP: 3/93 [poisoned by a soldier ant]
  5188 | D:8      | HP: 3/93 [poisoned by a soldier ant]
  5195 | D:8      | HP: 2/93 [poisoned by a soldier ant]
  5683 | D:8      | Found a roughly hewn altar of Beogh.
  6018 | D:8      | Noticed Maurice
  6031 | D:8      | Killed Maurice
  6479 | D:9      | Reached **** piety under Trog
  6730 | D:10     | Entered Level 10 of the Dungeon
  6747 | D:10     | Reached skill level 14 in Axes
  6908 | D:10     | Noticed a two-headed ogre
  6916 | D:10     | Killed a two-headed ogre
  6916 | D:10     | Reached XP level 11. HP: 101/101 MP: 10/10
  7634 | D:11     | Found a staircase to the Lair.
  7733 | D:11     | Noticed a red ugly thing
  7743 | D:11     | Killed a red ugly thing
  7921 | D:11     | Reached ***** piety under Trog
  7983 | D:11     | Reached skill level 15 in Axes
  8030 | D:11     | Found a staircase to the Orcish Mines.
  8223 | D:11     | Found a basalt altar of Yredelemnul.
  8512 | Lair:1   | Entered Level 1 of the Lair of Beasts
  8562 | Lair:1   | Noticed a seven-headed hydra
  8568 | Lair:1   | HP: 61/153 [poisoned by a black mamba]
  8570 | Lair:1   | Killed a 12-headed hydra
  8573 | Lair:1   | HP: 41/156 [poisoned by a black mamba]
  8578 | Lair:1   | HP: 27/104 [poisoned by a black mamba]
  8578 | Lair:1   | HP: 12/104 [spiny frog (4)]
  8578 | Lair:1   | Slain by a blink frog

Vault maps used:
D:1:      lightli_arrival_statuegarden, st_stairs_13, dk_noncrumbling_4
D:3:      marbit_many_paths, tgw_sif, first_ration, fountainhead, kennysheep_nub
D:4:      minmay_temple_entry_hall, hangedman_decor_points,
          uniq_crazy_yiuf_cottage, uniq_eustachio
D:5:      gup_sewer_entry_spiral
D:6:      nicolae_ossuary_entry_ruins, uniq_edmund
D:7:      grunt_temple_overflow_cloverleaf
D:8:      special_room, hangedman_pestilent_swarm, st_stairs_3, uniq_grum,
          uniq_maurice, uniq_psyche
D:10:     hangedman_decor_peaks_small
D:11:     lair_entry_dummy, orc_0_dummy, lemuel_statue_altar
Lair:1:   grunt_megastairs_1

Skill      XL: |  1  2  3  4  5  6  7  8  9 10 11 |
---------------+----------------------------------+-----
Axes           | 4 5 6 7 8 9 11 12 14 15 | 15.4
Fighting       | 4 5 6 7 8 9 10 11 | 11.7
Armour         | 3 5 7 9 |  9.0
Dodging        | 3 5 6 8 |  8.1

Action                   |  1- 3 |  4- 6 |  7- 9 | 10-12 || total
-------------------------+-------+-------+-------+-------++-------
Melee: Hand axe          |    57 |    22 |       |       ||    79
       Headbutt          |     6 |    10 |    38 |    59 ||   113
       War axe           |       |    34 |   201 |    45 ||   280
       Battleaxe         |       |       |       |   233 ||   233
Invok: Berserk           |       |     2 |     4 |     8 ||    14
       Trog's Hand       |       |       |     1 |     1 ||     2
       Brothers in Arms  |       |       |       |     1 ||     1
  Use: Scroll            |     1 |       |       |    11 ||    12
 Stab: Distracted        |       |       |       |     1 ||     1
  Eat: Chunk             |     1 |     1 |    13 |    18 ||    33
       Ration            |       |     1 |       |     1 ||     2
Armor: Animal skin       |    15 |     1 |       |       ||    16
       Chain mail        |       |    18 |   121 |    20 ||   159
       Plate armour      |       |       |       |   152 ||   152
Dodge: Dodged            |    38 |    25 |    72 |   162 ||   297

Table legend:
 A = Spawn XP
 B = Non-spawn XP
 C = Spawn XP percentage of total XP
 D = Spawn monster count
 E = Non-spawn monster count
 F = Spawn count percentage of total count
 G = Total turns spent on level
                    A         B        C        D         E        F      G
               +---------+---------+-------+---------+---------+-------+---------
         Total |       0 |   19754 |   0.0 |       0 |     212 |   0.0 |  8578
               +---------+---------+-------+---------+---------+-------+---------
           D:1 |       0 |       7 |   0.0 |       0 |       5 |   0.0 |    87
           D:2 |       0 |      31 |   0.0 |       0 |       8 |   0.0 |   771
           D:3 |       0 |      26 |   0.0 |       0 |       7 |   0.0 |   472
           D:4 |       0 |     726 |   0.0 |       0 |      22 |   0.0 |   959
           D:5 |       0 |     387 |   0.0 |       0 |      13 |   0.0 |   556
           D:6 |       0 |     694 |   0.0 |       0 |       8 |   0.0 |   511
           D:7 |       0 |     853 |   0.0 |       0 |      20 |   0.0 |   703
           D:8 |       0 |    5549 |   0.0 |       0 |      53 |   0.0 |  2059
           D:9 |       0 |     671 |   0.0 |       0 |       9 |   0.0 |   612
          D:10 |       0 |    4882 |   0.0 |       0 |      32 |   0.0 |   868
          D:11 |       0 |    2757 |   0.0 |       0 |      22 |   0.0 |   914
        Lair:1 |       0 |    3171 |   0.0 |       0 |      13 |   0.0 |    66
               +---------+---------+-------+---------+---------+-------+---------
